 Dungeon Crawl Stone Soup version 0.31-a0-229-g1fc7ce93e2 (webtiles) character file.

Game seed: 2696970668210513555

11206 qw the Skirmisher (level 11, -6/71 HPs)
             Began as a Gargoyle Hexslinger on July 6, 2023.
             Was a Priest of Okawaru.
             Killed from afar by a balrug (17 damage)
             ... with a fireball
             ... in a Gauntlet.
             The game lasted 00:04:39 (9177 turns).

qw the Skirmisher (Gargoyle Hexslinger)             Turns: 9177, Time: 00:04:40

Health: -6/71      AC: 21    Str: 12    XL:     11   Next: 74%
Magic:  22/23      EV: 19    Int: 14    God:    Okawaru [***...]
Gold:   852        SH:  0    Dex: 26    Spells: 11/12 levels left

rFire   + . .        l - +0 arbalest "Wot Odom" {penet, rF+ rC+ SInv}
rCold   + . .        (shield currently unavailable)
rNeg    + . .        a - +3 ring mail of Negligence {Regen+ rCorr MP+9 Dex+4}
rPois   inf          p - +2 helmet
rElec   +            (no cloak)
rCorr   +            (no gloves)
SInv    +            (no boots)
Will    .....        r - amulet of faith
Stlth   +++          n - +6 ring of dexterity
HPRegen 1.11/turn    (no ring)
MPRegen 0.18/turn

%: no teleportation, faith
@: heroic
A: sickness immunity, AC +8, negative energy resistance 1, electricity
resistance, torment resistance 1, petrification resistance
a: Renounce Religion, Heroism


You were in a Gauntlet.
You worshipped Okawaru.
Okawaru was most pleased with you.
You visited 2 branches of the dungeon, and saw 11 of its levels.
You also visited: Sewer and Gauntlet.

You collected 852 gold pieces.


Innate Abilities, Weirdness & Mutations

You are immune to sickness and miasma.
Your stone body is resilient. (AC +8)
You are immune to poison.
You resist negative energy. (rN+)
You are resistant to electric shocks. (rElec)
You are resistant to unholy torment.
You are immune to petrification.


   Skills:
 + Level 9.3(14.3) Fighting
 - Level 14.0(19.0) Ranged Weapons
 - Level 4.2(9.2) Armour
 - Level 5.1(10.1) Dodging
 - Level 1.0 Spellcasting
 - Level 2.6 Hexes
 - Level 4.1 Invocations


You had 11 spell levels left.
You knew the following spells:

 Your Spells              Type           Power      Damage    Failure   Level
a - Slow                  Hex            32%        N/A       17%         1

Your spell library contained the following spells:

 Spells                   Type           Power      Damage    Failure   Level
 Inner Flame              Hex/Fire       4%         N/A       65%         3
 Portal Projectile        Hex/Tloc       8%         N/A       65%         3
 Cause Fear               Hex            4%         N/A       86%         4

Inventory:

Hand Weapons
 l - the +0 arbalest "Wot Odom" (weapon) {penet, rF+ rC+ SInv}
   (You acquired it on level 6 of the Dungeon)

   rF:        It protects you from fire.
   rC:        It protects you from cold.
   SInv:      It lets you see invisible.
Armour
 a - the +3 ring mail of Negligence (worn) {Regen+ rCorr MP+9 Dex+4}
   (You found it on level 2 of the Dungeon)

   Dex:       It affects your dexterity (+4).
   MP:        It affects your magic capacity (+9).
   Regen:     It increases your rate of health regeneration.
   rCorr:     It protects you from acid and corrosion.
 p - a +2 helmet (worn)
Jewellery
 i - an amulet of the acrobat
 j - a ring of ice
 n - a +6 ring of dexterity (left hand)
 r - an amulet of faith (around neck)
Scrolls
 b - 5 scrolls of teleportation
 c - 3 scrolls of enchant armour
 g - 5 scrolls of identify
 q - 2 scrolls of enchant weapon
Potions
 d - 2 potions of curing
 e - a potion of resistance
 h - a potion of magic
 k - 2 potions of enlightenment
 m - a potion of mutation

Dungeon Overview and Level Annotations

Branches:
Dungeon (10/15)            Temple (0/1) D:6            Lair (1/5) D:10
    Orc (0/2) D:9           Sewer (visited)         Gauntlet (1/1)

Altars:
Ashenzari
Dithmenos
Elyvilon
Fedhas
Makhleb
Okawaru
Ru
Trog
Uskayaw
Xom
Yredelemnul
Zin

Shops:
D:6 (

Annotations:
D:3 2 runed translucent doors Gauntlet 11 transporters


Message History

The hell hound breathes flames at you.
The blast of flame hits the balrug.
The balrug completely resists.
The blast of flame hits you but does no damage.
You resist.
You shoot a bolt. The bolt pierces through the balrug!!
The balrug is moderately wounded.
The bolt pierces through the hell hound!!
The hell hound is almost dead.
The balrug gestures at you.
The fireball explodes!
The fireball engulfs you. You resist.
The fireball engulfs the balrug.
The balrug completely resists.
The balrug gestures at you. Something smites you!
9174 ||| DRINKING 3 potions of heal wounds.
You feel much better.
The balrug hits you with a +2 demon whip of venom!!
You are engulfed in flames!
You resist.
9175 ||| DRINKING 2 potions of heal wounds.
You feel much better. The hell hound breathes flames at you.
The blast of flame hits the balrug.
The balrug completely resists.
The blast of flame hits you but does no damage.
The balrug hits you with a +2 demon whip of venom.
You are engulfed in flames!
You resist.
9176 ||| DRINKING potion of heal wounds.
You feel much better. The balrug gestures at you.
The fireball explodes!
The fireball engulfs you! You resist.
The fireball engulfs the balrug.
The balrug completely resists.
You shoot a bolt. The bolt pierces through the balrug!!
The balrug is heavily wounded.
The bolt pierces through the hell hound!
You kill the hell hound!
Okawaru accepts your kill. The balrug gestures at you.
The fireball explodes!
The fireball engulfs you! You resist.
The fireball engulfs the balrug.
The balrug completely resists.
The balrug gestures at you.
The fireball explodes!
The fireball engulfs you! You resist.
You die...

..#############################..
#...#.^.........^.........^.#...#
~...#...........^...........#...¤
##..#########################.¤##
#~.........#..[.^??.h#.........~#
###........#.##...##2#........###
#~#~#~#..#.#.###.#.#..#~#~#~#
#######..#..##.##..#..#######
#~..#....@2%..#..~#
#######..#..##%##..#..#######
#¤#¤#~#..#.#.###.#.#..#~#~#~#
###........#.##...##.#........###
#~.........#.........#.........~#
##..#########################..##
¤...#...........^...........#...¤
#...#.^.........^.........^.#...#
..#############################..


You could see a balrug.

Vanquished Creatures
  A tengu warrior (Gauntlet)
  Joseph (D:7)
  A rime drake (Lair:1)
  Psyche (D:10)
  An unseen horror (D:10)
  2 kobold demonologists (D:9)
  A tengu conjurer (Gauntlet)
  4 komodo dragons
  2 trolls
  A shadow (D:10)
  Sigmund (D:3)
  4 wyverns
  6 yaks
  Eustachio (D:6)
  5 steam dragons
  An acid dragon (D:10)
  2 hell hounds (Gauntlet)
  A water moccasin (Lair:1)
  4 orc warriors
  An ice beast (D:7)
  3 black bears
  2 ogres (D:5)
  A centaur (D:8)
  5 kobold brigands (D:9)
  2 bullfrogs (Sewer)
  2 gnoll sergeants (D:7)
  2 scorpions
  13 wights
  14 killer bees
  4 howler monkeys (D:7)
  9 hounds
  2 jellies
  6 orc priests
  4 iguanas
  Ijyb (D:5)
  A gnoll bouda (D:5)
  8 orc wizards
  15 gnolls
  7 adders
  2 river rats (D:4)
  3 shadow imps
  2 white imps
  2 worms
  A dart slug (D:5)
  48 orcs
  11 ball pythons
  7 bats
  8 endoplasms
  12 giant cockroaches
  12 goblins
  19 hobgoblins
  9 quokkas
  15 frilled lizards
  13 kobolds
  13 rats
319 creatures vanquished.

Notes
Turn   | Place    | Note
-------+----------+-------------------------------------------
     0 | D:1      | qw the Gargoyle Hexslinger began the quest for the Orb.
     0 | D:1      | Reached XP level 1. HP: 12/12 MP: 2/2
     0 | D:1      | 0 ||| qw: Version: 0.3-a-46-gb1f654a
     0 | D:1      | 0 ||| qw: Game counter: 1702
     0 | D:1      | 0 ||| qw: Melee chars always use a shield: true
     0 | D:1      | 0 ||| qw: God list: Okawaru
     0 | D:1      | 0 ||| qw: Allow faded altars: false
     0 | D:1      | 0 ||| qw: Do Orc after clearing Dungeon:15 true
     0 | D:1      | 0 ||| qw: Do second Lair branch before Depths: true
     0 | D:1      | 0 ||| qw: Lair rune preference: random
     0 | D:1      | 0 ||| qw: Goals: Normal
     0 | D:1      | 0 ||| PLANNING D:1-11
    89 | D:1      | Reached XP level 2. HP: 16/16 MP: 3/3
   243 | D:1      | Reached skill level 3 in Ranged Weapons
   469 | D:1      | Reached XP level 3. HP: 21/21 MP: 4/4
   804 | D:1      | 804 ||| UPGRADING to +0 ring mail.
   814 | D:1      | 814 ||| DROPPING +0 robe.
   815 | D:1      | 815 ||| READING scroll labelled FECEINI VOCY.
   816 | D:1      | 816 ||| READING 3 scrolls labelled FONGIAMOOX.
   817 | D:1      | 817 ||| READING scroll labelled NAEZUV GUETHY.
   818 | D:1      | 818 ||| READING scroll labelled OTICVURIJU.
   819 | D:1      | 819 ||| READING scroll labelled VEIMYUFASA.
   824 | D:1      | 824 ||| READING scroll labelled ZUPLOYLUGG.
   825 | D:1      | 825 ||| READING scroll labelled ZIWAAN XIYNTIM.
   826 | D:1      | 826 ||| READING 2 scrolls of identify.
   826 | D:1      | 826 ||| IDENTIFYING blue potion
   827 | D:1      | 827 ||| DROPPING scroll of poison.
   919 | D:2      | Identified the +3 ring mail of Negligence {Regen+ rCorr
                  | MP+9 Dex+4}
  1065 | D:2      | Found Meggenam's Jewellery Shoppe.
  1113 | D:2      | Reached skill level 4 in Ranged Weapons
  1113 | D:2      | Reached XP level 4. HP: 9/26 MP: 5/5
  1467 | D:2      | 1467 ||| UPGRADING to +3 ring mail of Negligence {Regen+
                  | rCorr MP+9 Dex+4}.
  1477 | D:2      | 1477 ||| DROPPING +0 ring mail.
  1542 | D:2      | 1542 ||| READING 3 scrolls of identify.
  1542 | D:2      | 1542 ||| IDENTIFYING lumpy puce potion
  1543 | D:2      | 1543 ||| READING 2 scrolls of identify.
  1543 | D:2      | 1543 ||| IDENTIFYING black potion
  1544 | D:2      | 1544 ||| DROPPING potion of berserk rage.
  1664 | D:3      | Noticed Sigmund
  1677 | D:3      | 1677 ||| DRINKING potion of curing.
  1677 | D:3      | 1677 ||| (to cure confusion)
  1684 | D:3      | Killed Sigmund
  1685 | D:3      | Reached XP level 5. HP: 21/30 MP: 6/6
  1685 | D:3      | Reached XP level 6. HP: 24/35 MP: 7/7
  1695 | D:3      | Found an iron altar of Okawaru.
  1696 | D:3      | 1696 ||| PLANNING OKAWARU WORSHIP
  1696 | D:3      | 1696 ||| DROPPING +6 ring of intelligence.
  1697 | D:3      | 1697 ||| READING scroll labelled MEUDEGG SYETHY.
  1716 | D:3      | Became a worshipper of Warmaster Okawaru
  1717 | D:3      | 1717 ||| PLANNING D:1-11
  1863 | D:3      | Found a faded altar of an unknown god.
  1967 | D:3      | Found a large runed translucent door.
  1969 | D:3      | Found a large runed translucent door.
  2361 | D:3      | Found a burning altar of Makhleb.
  2363 | D:3      | Noticed a green death
  2416 | D:4      | 2416 ||| PLANNING SEWER
  2422 | D:4      | Reached skill level 5 in Ranged Weapons
  2565 | D:4      | Found a blossoming altar of Fedhas.
  2602 | D:4      | Found a glowing drain.
  2614 | D:4      | Reached skill level 3 in Fighting
  2624 | Sewer    | Entered a sewer
  2629 | Sewer    | 2629 ||| Stepping ~*~*~tactically~*~*~ (water).
  2646 | Sewer    | 2646 ||| Stepping ~*~*~tactically~*~*~ (water).
  2731 | Sewer    | Reached XP level 7. HP: 41/41 MP: 8/8
  2853 | Sewer    | Reached skill level 6 in Ranged Weapons
  3056 | Sewer    | 3056 ||| READING scroll labelled TULEUTU VURGHOM.
  3076 | D:4      | 3076 ||| PLANNING D:1-11
  3229 | D:4      | Reached * piety under Okawaru
  3495 | D:4      | 3495 ||| READING 2 scrolls of identify.
  3495 | D:4      | 3495 ||| IDENTIFYING dark potion
  3519 | D:5      | Entered Level 5 of the Dungeon
  3541 | D:5      | Reached skill level 1 in Invocations
  3565 | D:5      | 3565 ||| INVOKING Heroism.
  3579 | D:5      | Reached XP level 8. HP: 27/48 MP: 10/10
  3609 | D:5      | Reached skill level 3 in Invocations
  3716 | D:5      | 3716 ||| Stepping ~*~*~tactically~*~*~ (outnumbered).
  3717 | D:5      | 3717 ||| INVOKING Heroism.
  3725 | D:5      | HP: 3/48 [ogre/+0 giant club (16)]
  3726 | D:5      | 3726 ||| READING 3 scrolls of teleportation.
  3727 | D:5      | 3727 ||| DRINKING 3 potions of heal wounds.
  3730 | D:5      | HP: 11/48 [ogre/+0 giant club (30)]
  3731 | D:5      | 3731 ||| DRINKING 2 potions of heal wounds.
  3737 | D:5      | Noticed Ijyb
  3743 | D:5      | 3743 ||| INVOKING Heroism.
  3758 | D:5      | Killed Ijyb
  3807 | D:5      | 3807 ||| INVOKING Heroism.
  3818 | D:5      | Reached skill level 7 in Ranged Weapons
  4024 | D:5      | 4024 ||| FLEEEEING.
  4112 | D:5      | 4112 ||| INVOKING Heroism.
  4119 | D:5      | Reached skill level 8 in Ranged Weapons
  4177 | D:5      | 4177 ||| INVOKING Heroism.
  4203 | D:5      | 4203 ||| INVOKING Heroism.
  4413 | D:5      | 4413 ||| FLEEEEING.
  4468 | D:5      | 4468 ||| INVOKING Heroism.
  4469 | D:5      | 4469 ||| Stepping ~*~*~tactically~*~*~ (outnumbered).
  4470 | D:5      | 4470 ||| Stepping ~*~*~tactically~*~*~ (outnumbered).
  4481 | D:5      | Reached XP level 9. HP: 54/54 MP: 12/12
  4576 | D:5      | 4576 ||| UPGRADING to amulet of the acrobat.
  4581 | D:5      | 4581 ||| DRINKING 2 fizzy purple potions.
  4680 | D:5      | 4680 ||| DRINKING 2 sedimented golden potions.
  4681 | D:5      | 4681 ||| READING 2 scrolls of identify.
  4681 | D:5      | 4681 ||| IDENTIFYING white potion
  4682 | D:5      | 4682 ||| DROPPING potion of lignification.
  4683 | D:5      | 4683 ||| DROPPING potion of degeneration.
  4826 | D:6      | 4826 ||| READING scroll of enchant weapon.
  4826 | D:6      | 4826 ||| ENCHANTING +2 sling.
  4970 | D:6      | Noticed Eustachio
  4971 | D:6      | 4971 ||| INVOKING Heroism.
  4973 | D:6      | 4973 ||| Stepping ~*~*~tactically~*~*~ (outnumbered).
  4996 | D:6      | 4996 ||| INVOKING Heroism.
  5005 | D:6      | Killed Eustachio
  5006 | D:6      | Reached skill level 9 in Ranged Weapons
  5006 | D:6      | 5006 ||| DRINKING 3 potions of curing.
  5006 | D:6      | 5006 ||| (to cure confusion)
  5026 | D:6      | 5026 ||| DRINKING 2 potions of curing.
  5026 | D:6      | 5026 ||| (to cure confusion)
  5037 | D:6      | Found a staircase to the Ecumenical Temple.
  5093 | D:6      | Found Ecsude Xooph's Antique Weapon Shop.
  5182 | D:6      | 5182 ||| READING scroll labelled YKLOSIO EBUNTE.
  5182 | D:6      | Identified a scroll of acquirement
  5182 | D:6      | 5182 ||| ACQUIRING +0 arbalest "Wot Odom" {penet, rF+ rC+
                  | SInv}
  5182 | D:6      | Acquired the +0 arbalest "Wot Odom" {penet, rF+ rC+ SInv}
  5184 | D:6      | 5184 ||| SWAPPING to +0 arbalest "Wot Odom" {penet, rF+ rC+
                  | SInv}.
  5185 | D:6      | 5185 ||| DROPPING +3 sling.
  5186 | D:6      | 5186 ||| READING scroll labelled WIEQ OMUMIOLEZ.
  5187 | D:6      | 5187 ||| DRINKING 2 inky potions.
  5195 | D:6      | Reached skill level 6 in Fighting
  5211 | D:6      | 5211 ||| DROPPING +2 orcbow of draining.
  5657 | D:7      | Noticed Joseph
  5661 | D:7      | 5661 ||| FLEEEEING.
  5662 | D:7      | 5662 ||| FLEEEEING.
  5663 | D:7      | 5663 ||| FLEEEEING.
  5664 | D:7      | 5664 ||| FLEEEEING.
  5666 | D:7      | 5666 ||| FLEEEEING.
  5669 | D:7      | 5669 ||| FLEEEEING.
  5679 | D:7      | 5679 ||| INVOKING Heroism.
  5686 | D:7      | Killed Joseph
  5687 | D:7      | Reached skill level 10 in Ranged Weapons
  5755 | D:7      | Reached ** piety under Okawaru
  5756 | D:7      | Reached skill level 3 in Dodging
  6039 | D:7      | 6039 ||| INVOKING Heroism.
  6114 | D:7      | Reached XP level 10. HP: 63/63 MP: 13/13
  6447 | D:7      | 6447 ||| UPGRADING to +6 ring of dexterity.
  6448 | D:7      | 6448 ||| READING scroll labelled ECYWOD IBIQESO.
  6460 | D:7      | 6460 ||| READING scroll labelled TUCUCH HEGARCH.
  6582 | D:8      | Noticed an angel
  6582 | D:8      | Found a shimmering altar of Xom.
  6582 | D:8      | Found a glowing silver altar of Zin.
  6645 | D:8      | Found a sacrificial altar of Ru.
  6645 | D:8      | Found a broken altar of Ashenzari.
  6652 | D:8      | Found a hide-covered altar of Uskayaw.
  6655 | D:8      | Found a bloodstained altar of Trog.
  6656 | D:8      | Found a white marble altar of Elyvilon.
  6658 | D:8      | Found a basalt altar of Yredelemnul.
  6663 | D:8      | Found a shadowy altar of Dithmenos.
  6705 | D:8      | 6705 ||| INVOKING Heroism.
  6728 | D:8      | 6728 ||| INVOKING Heroism.
  6776 | D:8      | Reached skill level 11 in Ranged Weapons
  6778 | D:8      | 6778 ||| Stepping ~*~*~tactically~*~*~ (outnumbered).
  6790 | D:8      | 6790 ||| INVOKING Heroism.
  6830 | D:8      | 6830 ||| INVOKING Heroism.
  7398 | D:9      | 7398 ||| INVOKING Heroism.
  7412 | D:9      | 7412 ||| INVOKING Heroism.
  7511 | D:9      | 7511 ||| INVOKING Heroism.
  7611 | D:9      | 7611 ||| INVOKING Heroism.
  7657 | D:9      | Found a staircase to the Orcish Mines.
  7699 | D:9      | 7699 ||| INVOKING Heroism.
  7712 | D:9      | Reached skill level 12 in Ranged Weapons
  7919 | D:9      | Found the +7 Throatcutter {drain, coup de grace}
  7919 | D:9      | Noticed a kobold demonologist
  7919 | D:9      | Noticed a kobold demonologist
  7922 | D:9      | Killed a kobold demonologist
  7929 | D:9      | Killed a kobold demonologist
  7937 | D:9      | Reached XP level 11. HP: 66/68 MP: 14/14
  7968 | D:9      | 7968 ||| INVOKING Heroism.
  7971 | D:9      | Reached skill level 13 in Ranged Weapons
  8000 | D:9      | 8000 ||| READING 6 scrolls of identify.
  8000 | D:9      | 8000 ||| IDENTIFYING glowing green potion
  8027 | D:10     | Entered Level 10 of the Dungeon
  8252 | D:10     | 8252 ||| INVOKING Heroism.
  8267 | D:10     | Reached skill level 9 in Fighting
  8355 | D:10     | Noticed a deep elf pyromancer
  8357 | D:10     | Noticed a cyclops
  8358 | D:10     | Noticed a centaur warrior
  8360 | D:10     | Found a flagged portal.
  8406 | D:10     | 8406 ||| INVOKING Heroism.
  8432 | D:10     | 8432 ||| INVOKING Heroism.
  8481 | D:10     | Noticed Psyche
  8482 | D:10     | 8482 ||| INVOKING Heroism.
  8486 | D:10     | Killed Psyche
  8501 | D:10     | 8501 ||| INVOKING Heroism.
  8526 | D:10     | Found a staircase to the Lair.
  8621 | D:10     | Noticed a cyclops
  8622 | D:10     | Noticed a rakshasa
  8698 | D:10     | 8698 ||| PLANNING LAIR
  8698 | D:10     | 8698 ||| UPGRADING to +0 helmet.
  8703 | D:10     | 8703 ||| UPGRADING to +2 helmet.
  8713 | D:10     | 8713 ||| DROPPING +0 helmet.
  8714 | D:10     | 8714 ||| UPGRADING to amulet of faith.
  8844 | Lair:1   | Entered Level 1 of the Lair of Beasts
  8845 | Lair:1   | 8845 ||| PLANNING GAUNTLET
  8850 | Lair:1   | Reached *** piety under Okawaru
  8897 | Lair:1   | 8897 ||| INVOKING Heroism.
  8923 | Lair:1   | 8923 ||| INVOKING Heroism.
  8948 | Lair:1   | Found a gate leading to a gauntlet.
  8957 | Gauntlet | Entered a Gauntlet
  8957 | Gauntlet | Found a transporter.
  8957 | Gauntlet | Found a transporter.
  8969 | Gauntlet | Found a transporter.
  8987 | Gauntlet | Found a transporter.
  8987 | Gauntlet | Found a transporter.
  8987 | Gauntlet | Found a transporter.
  8987 | Gauntlet | Noticed a balrug
  8989 | Gauntlet | Found a transporter.
  8989 | Gauntlet | Found a transporter.
  9001 | Gauntlet | Found a transporter.
  9014 | Gauntlet | Noticed a quicksilver ooze
  9017 | Gauntlet | Found a transporter.
  9027 | Gauntlet | Found a transporter.
  9041 | Gauntlet | Found a transporter.
  9061 | Gauntlet | Found a transporter.
  9063 | Gauntlet | Found a runed translucent gate.
  9063 | Gauntlet | Found a runed translucent gate.
  9063 | Gauntlet | Found a runed translucent gate.
  9063 | Gauntlet | Noticed a tengu warrior
  9073 | Gauntlet | Found a transporter.
  9110 | Gauntlet | 9110 ||| INVOKING Heroism.
  9113 | Gauntlet | Killed a tengu warrior
  9114 | Gauntlet | Reached skill level 14 in Ranged Weapons
  9169 | Gauntlet | 9169 ||| INVOKING Heroism.
  9170 | Gauntlet | HP: 17/71 [balrug/divine providence (11)]
  9171 | Gauntlet | 9171 ||| DRINKING 4 potions of heal wounds.
  9173 | Gauntlet | HP: 6/71 [balrug/divine providence (10)]
  9174 | Gauntlet | 9174 ||| DRINKING 3 potions of heal wounds.
  9175 | Gauntlet | 9175 ||| DRINKING 2 potions of heal wounds.
  9176 | Gauntlet | 9176 ||| DRINKING potion of heal wounds.
  9177 | Gauntlet | Killed from afar by a balrug

Levels and vault maps discovered:
D:1:      saegor_arrival_simple_a, layout_basic
D:2:      layout_basic, serial_shops, shop
D:3:      layout_loops_ring, makhleb_altar_promises_db,
          mainiacjoe_overflow_cross_hatched, jmf_multi_god_temple2,
          shapermc_ecumenical_altar_ellora, st_stairs_7, uniq_sigmund
D:4:      layout_loops_cross, fedhas_altar_1, portal_sewer_entry_b
D:5:      layout_basic, uniq_ijyb
D:6:      corexii_shantytown, layout_basic, minmay_temple_entry_mini_moons,
          serial_shops, nicolae_shop_pleasant_corner_grove, minmay_checkerbox,
          uniq_crazy_yiuf_cottage, uniq_eustachio
D:7:      layout_basic, roderic_malta_cross, grunt_ministairs_13,
          kennysheep_small_circle, uniq_joseph
D:8:      layout_basic, grunt_temple_overflow_order_and_chaos_1,
          nicolae_overflow_hallway_of_the_gods
D:9:      layout_irregular_city, orc_0_dummy, dilly_guarded_unrand_throatcut
D:10:     layout_loops_ring, erik_lair_dragon, enter_bailey_2,
          onia_ninara_dug_in_and_dangerous, uniq_psyche
Lair:1:   layout_misc_corridors, gauntlet_entry_generic, beast_lair_carwin_6
Gauntlet: gammafunk_gauntlet_mixed_choke_point [minmay_gauntlet_arena_77_museum,
          minmay_gauntlet_arena_77_squiggly,
          minmay_gauntlet_arena_77_run_for_it, gammafunk_gauntlet_arena_corners,
          minmay_gauntlet_arena_77_radiant_squares,
          minmay_gauntlet_arena_77_two_paths,
          minmay_gauntlet_arena_77_hold_the_fort,
          nicolae_gauntlet_exit_dead_adventurers]

Skill      XL: |  1  2  3  4  5  6  7  8  9 10 11 |
---------------+----------------------------------+-----
Ranged Weapons | 3 4 5 6 8 10 12 14 | 14.0
Fighting       | 2 3 4 5 7 8 9 |  9.3
Armour         | 4 |  4.2
Invocations    | 2 4 |  4.1
Dodging        | 2 3 4 5 |  5.1
Spellcasting   | |  1.0
Hexes          | |  2.6

Action                     |  1- 3 |  4- 6 |  7- 9 | 10-12 || total
---------------------------+-------+-------+-------+-------++-------
   Fire: Sling             |   148 |   169 |   446 |       ||   763
         Arbalest          |       |       |    75 |   256 ||   331
 Invoke: Heroism           |       |       |    12 |    19 ||    31
    Use: Scroll            |     8 |     3 |     7 |     3 ||    21
         Potion            |       |     1 |     7 |     4 ||    12
 Armour: Robe              |    13 |       |       |       ||    13
         Ring mail         |     9 |    46 |   197 |   134 ||   386
  Dodge: Dodged            |    24 |    38 |   210 |   211 ||   483

Table legend:
 A = Non-vault XP
 B = Vault XP
 C = Vault XP percentage of total XP
 D = Non-vault monster count
 E = Vault monster count
 F = Vault count percentage of total count
                 A         B        C        D         E       F
            +---------+---------+-------+---------+---------+-------
      Total |    9864 |    6290 |  38.9 |     218 |     101 |  31.7
            +---------+---------+-------+---------+---------+-------
        D:1 |      57 |       0 |   0.0 |      32 |       0 |   0.0
        D:2 |      66 |       0 |   0.0 |      16 |       0 |   0.0
        D:3 |     125 |     218 |  63.6 |      18 |       3 |  14.3
        D:4 |     139 |      35 |  20.1 |      19 |       9 |  32.1
        D:5 |    1468 |      36 |   2.4 |      32 |       1 |   3.0
        D:6 |     425 |     380 |  47.2 |      14 |      37 |  72.5
        D:7 |     828 |     745 |  47.4 |      23 |       4 |  14.8
        D:8 |    1716 |       0 |   0.0 |      26 |       0 |   0.0
        D:9 |    2156 |    1264 |  37.0 |      23 |       7 |  23.3
       D:10 |    1045 |    1880 |  64.3 |       8 |       7 |  46.7
     Lair:1 |    1839 |       0 |   0.0 |       7 |       0 |   0.0
      Sewer |       0 |     276 | 100.0 |       0 |      29 | 100.0
   Gauntlet |       0 |    1456 | 100.0 |       0 |       4 | 100.0
            +---------+---------+-------+---------+---------+-------
